 Dungeon Crawl Stone Soup version 0.30.0-19-g36f170ea60 (webtiles) character file.

Game seed: 18245421442938099218

11266 Graphine the Nimble (level 11, 0/95 HPs)
             Began as a Merfolk Monk on May 29, 2023.
             Was an Elder of Wu Jian.
             Slain by a freezing wraith (9 damage)
             ... while petrified by a basilisk
             ... on level 10 of the Dungeon.
             The game lasted 00:33:51 (8378 turns).

Graphine the Nimble (Merfolk Monk)                  Turns: 8378, Time: 00:33:51

Health: 0/95       AC: 13    Str: 15    XL:     11   Next: 75%
Magic:  12/12      EV:  2    Int: 10    God:    Wu Jian [****..]
Gold:   564        SH:  0    Dex: 20    Spells: 12/12 levels left

rFire   . . .        y - +3 great sword
rCold   . . .        (shield currently unavailable)
rNeg    + + +        v - +6 troll leather armour of Watchfulness {-Cast rElec Regen+ Str+3}
rPois   ∞            (no helmet)
rElec   +            q - +1 cloak
rCorr   +            (no gloves)
SInv    .            B - +0 pair of boots
Will    .....        l - amulet of the acrobat
Stlth   +            x - ring of resist corrosion
HPRegen 1.15/turn    E - ring of flight
MPRegen 0.13/turn

%: no spellcasting, acrobat
@: confused, mighty, petrified, flying, hasted and slowed
A: (nimble swimmer 2), mertail
a: Renounce Religion, Wall Jump, Serpent's Lash


You were on level 10 of the Dungeon.
You worshipped Wu Jian.
Wu Jian was greatly pleased with you.
You visited 1 branch of the dungeon, and saw 10 of its levels.

You collected 608 gold pieces.
You spent 44 gold pieces at shops.

Inventory:

Hand Weapons
 a - a +0 falchion of draining
 b - a +0 rapier
 r - a +2 scimitar of protection
 y - a +3 great sword (weapon)
Missiles
 M - 4 javelins (quivered)
 N - 2 atropa-tipped darts
Armour
 d - an orb of light
 m - a +0 robe of cold resistance
 p - a +4 scale mail
 q - a +1 cloak (worn)
 v - the +6 troll leather armour of Watchfulness (worn) {-Cast rElec Regen+ Str+3}
   (You found it on level 5 of the Dungeon)

   Str:       It affects your strength (+3).
   rElec:     It insulates you from electricity.
   -Cast:     It prevents spellcasting.
   Regen:     It increases your rate of health regeneration.
 B - a +0 pair of boots (worn)
Magical Staves
 n - a staff of conjuration
Jewellery
 l - an amulet of the acrobat (around neck)
 w - an amulet of guardian spirit
 x - a ring of resist corrosion (left hand)
 C - a ring of wizardry
 E - a ring of flight (right hand)
 F - a ring of positive energy
 G - a ring of wizardry
Wands
 H - a wand of roots (10)
 O - a wand of polymorph (13)
Scrolls
 g - 8 scrolls of teleportation
 k - 2 scrolls of immolation
 t - 2 scrolls of blinking
 I - a scroll of vulnerability
 J - a scroll of magic mapping
 P - a scroll of noise
Potions
 c - 6 potions of curing
 e - 2 potions of cancellation
 f - a potion of magic
 h - 2 potions of resistance
 i - 5 potions of attraction
 j - 2 potions of invisibility
 o - 2 potions of degeneration
 u - 2 potions of haste
 A - a potion of brilliance
 K - a potion of berserk rage {unknown}
 L - 2 potions of flight {unknown}
Miscellaneous
 z - a piece from Xom's chessboard (15/15)
 D - a phial of floods


   Skills:
 - Level 12.0 Fighting
 - Level 13.0 Long Blades
 + Level 0.5 Throwing
 - Level 14.0 Dodging
 + Level 1.1 Spellcasting
 + Level 2.4 Transmutations


You had 12 spell levels left.
You didn't know any spells.
Your spell library contained the following spells:

 Spells                   Type           Power      Damage    Failure   Level
 Passwall                 Tmut/Erth      2%         N/A       36%         2
 Summon Small Mammal      Summ           0%         N/A       38%         1
 Ensorcelled Hibernation  Hex/Ice        0%         N/A       54%         2
 Call Canine Familiar     Summ           0%         N/A       77%         3
 Dazzling Flash           Conj/Hex       0%         N/A       77%         3
 Summon Guardian Golem    Hex/Summ       0%         N/A       77%         3
 Swiftness                Air            0%         N/A       77%         3
 Volatile Blastmotes      Fire/Tloc      0%         2d10      77%         3
 Iskenderun's Mystic Bla  Conj/Tloc      0%         2d3       99%         4
 Summon Ice Beast         Ice/Summ       0%         N/A       99%         4
 Agony                    Necr           0%         N/A       100%        5
 Silence                  Hex/Air        0%         N/A       100%        5
 Summon Mana Viper        Hex/Summ       0%         N/A       100%        5
 Starburst                Conj/Fire      0%         6d3       100%        6
 Monstrous Menagerie      Summ           0%         N/A       100%        7


Dungeon Overview and Level Annotations

Branches:
Dungeon (10/15)            Temple (0/1) D:7            Lair (0/5) D:10
    Orc: D:9-12

Altars:
Cheibriados
Dithmenos
Fedhas
Gozag
Nemelex Xobeh
Okawaru
Qazlal
Ru
Trog
Uskayaw
Wu Jian
Xom
Yredelemnul
The Shining One

Shops:
D:6 *   D:7 [   D:9 :

Annotations:
D:10 1 transporter


Innate Abilities, Weirdness & Mutations

((You are very nimble when in or above water. (Stealth+, EV+, Speed+++)))
Your lower body shifts to a powerful aquatic tail in water.


Message History

The deep elf archer shoots an arrow.
The arrow closely misses you. The orc wizard closely misses you.
The four-headed hydra misses you.
The four-headed hydra completely misses you.
The four-headed hydra bites you.
The four-headed hydra bites you but does no damage.
The deep elf archer shoots an arrow.
The arrow hits you!
You have turned to stone.
The orc wizard hits you but does no damage.
The freezing wraith hits you. The freezing wraith freezes you!
The freezing wraith hits you.
The deep elf archer shoots an arrow.
The arrow hits you. The four-headed hydra bites you.
The four-headed hydra bites you but does no damage.
The four-headed hydra bites you!
The four-headed hydra bites you but does no damage.
The orc wizard hits you with a +0 dagger.
The deep elf archer shoots an arrow.
The arrow hits you but does no damage.
The four-headed hydra bites you but does no damage. x2
The four-headed hydra bites you! x2
* * * LOW HITPOINT WARNING * * *
The orc wizard hits you but does no damage.
The freezing wraith hits you but does no damage.
The freezing wraith hits you.
* * * LOW HITPOINT WARNING * * *
The freezing wraith drains your vigour!
You feel yourself slow down.
The shadow slips into darkness.
The shadow flickers and vanishes!
Deactivating autopickup; reactivate with Ctrl-A.
The deep elf archer shoots an arrow.
The arrow barely misses you.
The four-headed hydra bites you but does no damage.
The four-headed hydra bites you!
* * * LOW HITPOINT WARNING * * *
The four-headed hydra bites you!
* * * LOW HITPOINT WARNING * * *
The four-headed hydra bites you!
* * * LOW HITPOINT WARNING * * *
The orc wizard hits you but does no damage.
The freezing wraith hits you!
* * * LOW HITPOINT WARNING * * *
The freezing wraith freezes you!!
You die...

....#.#####...# ### ## >..##.#
##.## ##.## # ......# #.#
######.#.######## ...#### #.#
##.....###........ #.##
#.###...###.#.######## #.#
##.....©......## #.#
#..#########..# #'##
#.##8.WD..8##.# ...##
#.#...@{....#.# # ....##
#.#....o....#.### ## .....##
##.#..!......#.#.## ##.
......####..#©........#....####..
......'.....#.........#.......'..
......####..#....$....#....####..
.....### ##.#..$[$(e..#.#.######.
.......# #)##8$._.$8##........##
...###.# #..#########..######.##


You could see a four-headed hydra, a deep elf archer (repels missiles), a
freezing wraith and an orc wizard.

Vanquished Creatures
  2 two-headed ogres
  The ghost of ifreund the Destroyer, a novice TeCj of Vehumet (D:9)
  A wizard (D:9)
  A cyclops (D:7)
  A deep elf pyromancer (D:9)
  An elephant (D:10)
  An ice statue (D:9)
  2 trolls
  2 vampires
  3 wyverns
  11 yaks
  4 fire bats (D:8)
  A basilisk (D:10)
  2 steam dragons
  An acid dragon (D:5)
  A hell hound (D:8)
  2 water moccasins
  4 orc warriors
  4 ice beasts
  3 sky beasts (D:7)
  6 black bears
  4 centaurs
  Blork the orc (D:4)
  2 bullfrogs
  A kobold brigand (D:10)
  2 scorpions
  2 gnoll sergeants
  2 wights (D:7)
  A killer bee (D:9)
  5 howler monkeys
  2 lava snakes (D:8)
  A jelly (D:7)
  5 orc priests
  2 gnoll boudas (D:7)
  5 hounds
  4 iguanas
  A sleepcap (D:4)
  14 orc wizards
  3 gnolls (D:8)
  6 adders
  2 white imps (D:7)
  2 worms
  3 dart slugs
  25 orcs
  3 ball pythons
  7 endoplasms
  5 giant cockroaches
  6 goblins
  6 hobgoblins
  2 jackals (D:4)
  2 quokkas
  6 bats
  2 frilled lizards
  12 kobolds
  4 rats
  2 fire vortices (D:8)
206 creatures vanquished.

Vanquished Creatures (others)
  A water moccasin (D:9)
  A fire vortex (D:8)
2 creatures vanquished.

Grand Total: 208 creatures vanquished

Notes
Turn   | Place    | Note
-------+----------+-------------------------------------------
     0 | D:1      | Graphine the Merfolk Monk began the quest for the Orb.
     0 | D:1      | Reached XP level 1. HP: 18/18 MP: 1/1
   329 | D:1      | Reached XP level 2. HP: 24/24 MP: 2/2
   825 | D:2      | Reached XP level 3. HP: 29/30 MP: 3/3
  1684 | D:3      | Noticed a water moccasin
  1705 | D:3      | Killed a water moccasin
  1706 | D:3      | Reached skill level 5 in Long Blades
  1706 | D:3      | Reached skill level 5 in Dodging
  1706 | D:3      | Reached XP level 4. HP: 16/38 MP: 4/4
  1706 | D:3      | Reached XP level 5. HP: 18/43 MP: 5/5
  1811 | D:3      | Identified the +2 robe "Xyrorch" {-Cast Harm rPois rN++}
  1882 | D:3      | Found an opulent altar of Gozag.
  2125 | D:3      | Reached XP level 6. HP: 50/50 MP: 6/6
  2201 | D:4      | Reached skill level 5 in Fighting
  2201 | D:4      | Reached skill level 6 in Dodging
  2265 | D:4      | Found an iron altar of Okawaru.
  2305 | D:4      | Found a blossoming altar of Fedhas.
  2354 | D:4      | Found a sacrificial altar of Ru.
  2876 | D:4      | Noticed Blork the orc
  2906 | D:4      | HP: 2/51 [Blork the orc/puff of flame (7)]
  2909 | D:4      | Killed Blork the orc
  2910 | D:4      | Reached XP level 7. HP: 9/56 MP: 7/7
  3137 | D:4      | Found an ornate altar of the Wu Jian Council.
  3241 | D:4      | Became a worshipper of the Wu Jian Council
  3241 | D:4      | Reached * piety under Wu Jian
  3241 | D:4      | Reached ** piety under Wu Jian
  3251 | D:4      | Found a bloodstained altar of Trog.
  3510 | D:5      | Entered Level 5 of the Dungeon
  3510 | D:5      | Found a basalt altar of Yredelemnul.
  3520 | D:5      | Identified the +6 troll leather armour of Watchfulness
                  | {-Cast rElec Regen+ Str+3}
  3600 | D:5      | Reached skill level 7 in Dodging
  3758 | D:5      | Reached XP level 8. HP: 65/65 MP: 8/8
  3764 | D:5      | Reached skill level 8 in Dodging
  3792 | D:5      | Found a shimmering altar of Xom.
  3842 | D:5      | Found a snail-covered altar of Cheibriados.
  4238 | D:6      | Found Ybuiclaq's Assorted Antiques.
  4245 | D:6      | Bought a scroll labelled FAKUCZ CI GOF for 22 gold pieces
  4245 | D:6      | Bought a scroll labelled KESTRE JOIGAU for 22 gold pieces
  4542 | D:6      | Reached skill level 9 in Dodging
  4772 | D:7      | Noticed a two-headed ogre
  4786 | D:7      | Killed a two-headed ogre
  4787 | D:7      | Reached XP level 9. HP: 35/74 MP: 9/9
  4789 | D:7      | Reached skill level 10 in Dodging
  4889 | D:7      | Found a stormy altar of Qazlal.
  4949 | D:7      | Noticed a cyclops
  4950 | D:7      | Noticed a troll
  4995 | D:7      | Killed a cyclops
  4996 | D:7      | Reached skill level 10 in Long Blades
  4996 | D:7      | Reached skill level 11 in Dodging
  5002 | D:7      | Reached *** piety under Wu Jian
  5003 | D:7      | Reached XP level 10. HP: 63/83 MP: 10/10
  5227 | D:7      | Reached skill level 10 in Fighting
  5253 | D:7      | Found Rerho's Armour Shoppe.
  5265 | D:7      | Found a staircase to the Ecumenical Temple.
  5364 | D:7      | Reached skill level 12 in Dodging
  6109 | D:8      | Reached **** piety under Wu Jian
  6209 | D:8      | Found a hide-covered altar of Uskayaw.
  6276 | D:8      | Found a glowing golden altar of the Shining One.
  6581 | D:9      | Noticed an ice statue
  6739 | D:9      | Found a runed translucent gate.
  6775 | D:9      | Found Zurhu's Book Shoppe.
  6923 | D:9      | Reached XP level 11. HP: 69/92 MP: 11/11
  7023 | D:9      | Noticed ifreund's ghost (novice TeCj)
  7024 | D:9      | Noticed a wizard
  7025 | D:9      | Found a runed translucent gate.
  7025 | D:9      | Found an opulent altar of Gozag.
  7026 | D:9      | Found a runed translucent gate.
  7026 | D:9      | Noticed a deep elf pyromancer
  7182 | D:9      | Reached skill level 13 in Dodging
  7316 | D:9      | Killed a wizard
  7339 | D:9      | Killed ifreund's ghost
  7346 | D:9      | Killed a deep elf pyromancer
  7414 | D:10     | Entered Level 10 of the Dungeon
  7658 | D:10     | Found a staircase to the Lair.
  7707 | D:10     | Found a shadowy altar of Dithmenos.
  7749 | D:10     | Reached skill level 14 in Dodging
  7777 | D:10     | Found a transporter.
  7779 | D:10     | Noticed a four-headed hydra
  7780 | D:10     | Noticed a deep elf archer
  7781 | D:10     | Found a sparkling altar of Nemelex Xobeh.
  7781 | D:10     | Found a transporter.
  7781 | D:10     | Noticed a two-headed ogre
  7787 | D:10     | Killed a two-headed ogre
  7788 | D:10     | Reached skill level 1 in Transmutations
  7939 | D:10     | Reached skill level 1 in Spellcasting
  8378 | D:10     | Slain by a freezing wraith

Illustrated notes

Levels and vault maps discovered:
D:1:      psy_arrival_dodecagon, layout_basic
D:2:      layout_basic, nicolae_concentric_dashed_squares_mild
D:3:      layout_rooms, grunt_gozag_statues
D:4:      layout_gridville, mainiacjoe_overflow_cross_hatched,
          okawaru_metal_pillars_3, fedhas_ov_isle_minmay,
          mainiacjoe_overflow_big_doors, uniq_blork_the_orc
D:5:      layout_basic, mainiacjoe_overflow_catwalk,
          mainiacjoe_overflow_surrounded_room, mainiacjoe_overflow_tiny_flanked,
          chequers_serial_rivers_micro_e
D:6:      layout_loops_ring, serial_shops, nicolae_stop_n_shop_2,
          kennysheep_generic_room_10
D:7:      minmay_the_grid_octo_tiled_octocenter
          [minmay_the_grid_octo_concentric,
          minmay_the_grid_octo_vomiting_pacman, minmay_the_grid_octo_empty,
          minmay_the_grid_octo_horde,
          minmay_the_grid_octo_prize_ultimate_mussel_roller,
          minmay_the_grid_square_5x5_two_walls_b,
          minmay_the_grid_square_5x5_one_wall,
          minmay_the_grid_square_5x5_eight_small,
          minmay_the_grid_square_5x5_empty], layout_basic,
          grunt_qazlal_sundering, minmay_temple_entry_wispy, serial_shops,
          kennysheep_mini, hex_medium, st_stairs_14, roderic_roman_lattice
D:8:      layout_cave_pools, kennysheep_little_box, lemuel_doored_altar,
          hangedman_incinerator
D:9:      layout_basic, serial_shops, shop, ebering_ghost_gozag,
          grunt_ministairs_7, chequers_serial_rivers_small_3,
          serial_bayou_pond_e, minivault_16
D:10:     layout_loops_corners, overflow_temple_1_default,
          gammafunk_temple_overflow_arena, david_lair_generic

Skill      XL: |  1  2  3  4  5  6  7  8  9 10 11 |
---------------+----------------------------------+-----
Long Blades    | 4 5 6 7 9 10 11 13 | 13.0
Fighting       | 4 5 6 8 9 10 12 | 12.0
Dodging        | 5 6 7 9 11 12 14 | 14.0
Transmutations | 2 |  2.4
Spellcasting   | 1 |  1.1
Throwing       | |  0.5

Action                     |  1- 3 |  4- 6 |  7- 9 | 10-12 || total
---------------------------+-------+-------+-------+-------++-------
  Melee: Falchion          |    52 |   130 |       |       ||   182
         Scimitar          |       |       |   202 |   180 ||   382
         Great sword       |       |       |       |   140 ||   140
  Throw: Boomerang         |    49 |    43 |     9 |       ||   101
         Throwing net      |       |       |     1 |       ||     1
         Javelin           |       |       |       |     4 ||     4
Ability: Wall Jump         |       |       |     2 |     1 ||     3
         Lunge             |       |       |     7 |    17 ||    24
         Whirlwind         |       |       |     3 |     4 ||     7
    Use: Scroll            |     5 |     2 |    11 |     6 ||    24
         Potion            |     2 |     2 |       |     3 ||     7
   Stab: Sleeping          |       |       |       |     1 ||     1
 Armour: Robe              |    11 |     2 |       |       ||    13
         Scale mail        |       |    45 |     1 |       ||    46
         Troll leather arm |       |       |    76 |   124 ||   200
  Dodge: Dodged            |    44 |    78 |   190 |   336 ||   648
